 Dungeon Crawl Stone Soup version 0.20.1-1-g8b1a95d (webtiles) character file.

3507 Peloso the Carver (level 9, 0/81 HPs)
             Began as a Deep Dwarf Fighter on July 29, 2017.
             Was a Believer of Okawaru.
             Slain by a hornet (3 damage)
             ... on level 8 of the Dungeon.
             The game lasted 00:30:20 (5963 turns).

Peloso the Carver (Deep Dwarf Fighter)              Turns: 5963, Time: 00:30:21

Health: 0/81       AC: 11    Str: 26    XL:     9   Next: 81%
Magic:  8/8        EV: 15    Int: 11    God:    Okawaru [**....]
Gold:   405        SH:  0    Dex: 17    Spells: 8/8 levels left

rFire    + . .     SeeInvis .   A - +1 hand axe (flame)
rCold    . . .     Gourm    .   (no shield)
rNeg     . . .     Faith    .   i - +0 chain mail
rPois    .         Spirit   .   (no helmet)
rElec    .         Reflect  .   k - +0 cloak
rCorr    .         Harm     .   (no gloves)
MR       ++...                  (no boots)
Stlth    ..........             (no amulet)
Regen    0.0/turn               r - +3 ring of intelligence
MPRegen  0.2/turn               t - ring of protection from fire

@: agile, lethally poisoned (0 -> 0), non-regenerating, slowed, very slow
A: damage resistance, heal wounds, magic resistance 1, sense surroundings 2,
strong 1, subdued magic 1, no regeneration
a: Heal Wounds, Heroism, Renounce Religion


You were on level 8 of the Dungeon.
You worshipped Okawaru.
Okawaru was pleased with you.
You were not hungry.

You visited 2 branches of the dungeon, and saw 9 of its levels.

You collected 405 gold pieces.

Inventory:

Hand Weapons
 a - a +1 long sword
 b - a +2 hand crossbow of velocity
 A - a +1 hand axe of flaming (weapon)
 C - the +11 arbalest of the Lost Mice {elec, SInv}
   (You found it on level 7 of the Dungeon)

   It charges the ammunition it shoots with electricity; occasionally upon a
   hit, such missiles may discharge and cause terrible harm.
   It lets you see invisible.
Missiles
 n - 20 arrows
 v - 5 bolts
Armour
 c - a +1 shield
 i - a +0 chain mail (worn)
 k - a +0 cloak (worn)
Jewellery
 q - an uncursed ring of wizardry
 r - a +3 ring of intelligence (left hand)
 t - a ring of protection from fire (right hand)
Wands
 e - a wand of polymorph (0/24)
 w - a wand of scattershot (0/9)
 x - a wand of paralysis (4/24)
Scrolls
 g - a scroll of magic mapping
 m - 4 scrolls of teleportation
 s - 2 scrolls of identify
 y - 3 scrolls of remove curse
Potions
 o - 2 potions of flight
Books
 l - a book of Cantrips

   Spells                             Type                      Level
   a - Confusing Touch                Hexes                        1
   b - Animate Skeleton               Necromancy                   1
   c - Summon Small Mammal            Summoning                    1
   d - Apportation                    Translocation                1
 B - a book of Geomancy

   Spells                             Type                      Level
   a - Sandblast                      Earth                        1
   b - Passwall                       Transmutation/Earth          2
   c - Stone Arrow                    Conjuration/Earth            3
   d - Petrify                        Transmutation/Earth          4
   e - Lee's Rapid Deconstruction     Earth                        5
Comestibles
 d - 3 royal jellies
 f - 4 bread rations
 h - 4 fruits
 u - 4 meat rations


   Skills:
 + Level 5.3 Fighting
 + Level 9.1 Long Blades
 + Level 1.6 Crossbows
 + Level 7.0 Armour
 + Level 3.0 Dodging
 + Level 2.7 Stealth
 + Level 7.7 Shields
 + Level 1.3 Invocations
 + Level 1.1 Evocations


You had 8 spell levels left.
You didn't know any spells.

Dungeon Overview and Level Annotations

Branches:
Dungeon (8/15)             Temple (1/1) D:5            Lair (0/6) D:8

Altars:
Elyvilon
Fedhas
Gozag
Hepliaklqana
Makhleb
Nemelex Xobeh
Okawaru
Qazlal
Ru
Trog
Uskayaw
Vehumet
Xom
Yredelemnul
Zin
The Shining One


Innate Abilities, Weirdness & Mutations

You are resistant to damage.
You can heal yourself by infusing magical energy.
You passively map the area around you.
You do not regenerate.
You are resistant to hostile enchantments. (MR+)
Your muscles are strong. (Str +2)
Your spells are a little easier to cast, but a little less powerful.


Message History

You hit the hornet but do no damage.
The hornet is heavily wounded.
The hornet stings you but does no damage.
The hornet stings you.
You feel as though you will be slow longer.
The hornet barely misses you.
You closely miss the hornet.
The hornet is heavily wounded.
The hornet stings you!
* * * LOW HITPOINT WARNING * * *
You are more poisoned.
You feel as though you will be slow longer.
The hornet barely misses you. The hornet closely misses you.
You hit the hornet but do no damage.
The hornet is heavily wounded.
* * * LOW HITPOINT WARNING * * *
You feel very sick.
The hornet stings you but does no damage. x2
The hornet stings you.
You die...

,,, * * , ,, * * *
,, , , , , * * * ,
, , ####*##* , , *
#.#.#.#, **,,* *
,, * ##.##(#, , **
** #######*
#..@y#.# * ,
.......##
#..##.#.# * *
#......###..#*####
, #......+...## *,
#......#.### * *
#........# * * ,
,#........# , * *
...#####..#, ** *
* , #....##..# *


You could see a hornet.

Vanquished Creatures
  Pikel (D:6)
  An ugly thing (D:7)
  Menkaure (D:4)
  A warg (D:6)
  2 soldier ants (D:8)
  Duvessa (D:6)
  A slave (D:6)
  An ice beast (D:6)
  3 phantoms
  A sky beast (D:7)
  3 centaurs
  The ghost of Knicklaso the Bolt Thrower, an amateur KoHu (D:3)
  Blork the orc (D:6)
  A bullfrog (D:6)
  2 scorpions
  Dowan (D:6)
  A howler monkey (D:6)
  4 crimson imps
  2 bullfrog zombies
  A quasit (D:6)
  A jelly (D:5)
  5 hounds
  Crazy Yiuf (D:4)
  2 orc priests
  2 orc wizards
  4 centaur skeletons
  An iguana (D:7)
  3 worker ants
  2 hound zombies
  A howler monkey zombie (D:5)
  4 gnolls (D:3)
  6 adders
  2 oozes
  An adder zombie (D:7)
  An adder skeleton (D:6)
  2 worms (D:3)
  6 dart slugs
  6 leopard geckos
  29 orcs
  2 ball pythons
  8 bats
  5 giant cockroaches
  8 goblins
  8 hobgoblins
  2 jackals (D:5)
  5 kobolds
  2 quokkas
  5 frilled lizards
  A leopard gecko skeleton (D:5)
  8 rats
  2 fungi (D:4)
165 creatures vanquished.

Notes
Turn   | Place    | Note
-------+----------+-------------------------------------------
     0 | D:1      | Peloso the Deep Dwarf Fighter began the quest for the Orb.
     0 | D:1      | Reached XP level 1. HP: 20/20 MP: 1/1
   232 | D:1      | Reached XP level 2. HP: 14/27 MP: 2/2
   648 | D:1      | Reached XP level 3. HP: 13/34 MP: 3/3
  1569 | D:2      | Reached XP level 4. HP: 7/42 MP: 4/4
  1695 | D:2      | Gained mutation: You are resistant to hostile enchantments. (MR+) [potion of mutation]
  1695 | D:2      | Gained mutation: Your spells are a little easier to cast, but a little less powerful. [potion of mutation]
  1695 | D:2      | Gained mutation: Your muscles are strong. (Str +2) [potion of mutation]
  1787 | D:3      | Found a shimmering altar of Xom.
  1789 | D:3      | Found a hide-covered altar of Uskayaw.
  1915 | D:3      | Reached skill level 3 in Long Blades
  2050 | D:3      | Noticed a moth of wrath
  2053 | D:3      | Found a bloodstained altar of Trog.
  2070 | D:3      | HP: 2/42 [worm (2)]
  2290 | D:3      | Reached XP level 5. HP: 15/49 MP: 5/5
  2552 | D:3      | Noticed Knicklaso's ghost (amateur KoHu)
  2578 | D:3      | Killed Knicklaso's ghost
  2758 | D:4      | Reached skill level 4 in Long Blades
  2758 | D:4      | Reached skill level 1 in Dodging
  2929 | D:4      | Got a twisted robe
  2940 | D:4      | Identified the cursed +0 robe "Yheiq" {Str+6} (You found it on level 4 of the Dungeon)
  2962 | D:4      | Reached XP level 6. HP: 34/56 MP: 6/6
  3116 | D:4      | Noticed Menkaure
  3125 | D:4      | Killed Menkaure
  3125 | D:4      | Reached skill level 5 in Long Blades
  3125 | D:4      | Reached XP level 7. HP: 9/63 MP: 7/7
  3509 | D:4      | Found a runed door.
  3513 | D:4      | Noticed Crazy Yiuf
  3523 | D:4      | Killed Crazy Yiuf
  3523 | D:4      | Reached skill level 5 in Armour
  3564 | D:5      | Entered Level 5 of the Dungeon
  3862 | D:5      | Reached skill level 6 in Long Blades
  3874 | D:5      | Reached skill level 5 in Shields
  3897 | D:5      | Found a staircase to the Ecumenical Temple.
  3942 | Temple   | Entered the Ecumenical Temple
  4009 | Temple   | Became a worshipper of Warmaster Okawaru
  4281 | D:6      | Noticed Blork the orc
  4284 | D:6      | Killed Blork the orc
  4284 | D:6      | Reached XP level 8. HP: 25/72 MP: 7/7
  4302 | D:6      | Reached skill level 1 in Evocations
  4362 | D:6      | Reached * piety under Okawaru
  4362 | D:6      | Reached skill level 1 in Stealth
  4419 | D:6      | HP: 3/72 [warg (1)]
  4513 | D:6      | Reached skill level 7 in Long Blades
  4575 | D:6      | Found a white marble altar of Elyvilon.
  4845 | D:6      | Noticed Dowan
  4849 | D:6      | Noticed Duvessa
  4850 | D:6      | Killed Dowan
  4869 | D:6      | Killed Duvessa
  4903 | D:6      | Found a radiant altar of Vehumet.
  4944 | D:6      | Noticed Pikel
  4974 | D:6      | Killed Pikel
  4974 | D:6      | Reached ** piety under Okawaru
  4974 | D:6      | Reached skill level 8 in Long Blades
  4974 | D:6      | Gained mutation: You passively map the area around you. [Deep Dwarf growth]
  4974 | D:6      | Reached XP level 9. HP: 48/79 MP: 5/7
  5171 | D:7      | Found a white marble altar of Elyvilon.
  5524 | D:7      | Reached skill level 5 in Fighting
  5669 | D:7      | Got a translucent arbalest
  5675 | D:7      | Identified the +11 arbalest of the Lost Mice {elec, SInv} (You found it on level 7 of the Dungeon)
  5714 | D:7      | Noticed a brown ugly thing
  5718 | D:7      | Killed a brown ugly thing
  5718 | D:7      | Reached skill level 1 in Invocations
  5719 | D:7      | Reached skill level 9 in Long Blades
  5937 | D:8      | Reached skill level 1 in Crossbows
  5942 | D:8      | HP: 3/81 [hornet (10)]
  5944 | D:8      | Paralysed by a hornet for 3 turns
  5949 | D:8      | Paralysed by a hornet for 2 turns
  5954 | D:8      | Paralysed by a hornet for 1 turns
  5956 | D:8      | HP: 1/81 [hornet (6)]
  5958 | D:8      | Paralysed by a hornet for 1 turns
  5963 | D:8      | HP: 3/81 [poisoned by a hornet]
  5963 | D:8      | Slain by a hornet

Skill      XL: |  1  2  3  4  5  6  7  8  9 |
---------------+----------------------------+-----
Fighting       | 3 4 5 |  5.3
Armour         | 4 5 6 7 |  7.0
Long Blades    | 3 4 5 6 8 9 |  9.1
Shields        | 4 5 6 7 |  7.7
Dodging        | 1 2 3 |  3.0
Evocations     | 1 |  1.1
Stealth        | 1 2 |  2.7
Invocations    | 1 |  1.3
Crossbows      | 1 |  1.6

Action                   |  1- 3 |  4- 6 |  7- 9 || total
-------------------------+-------+-------+-------++-------
Melee: Long sword        |   144 |   184 |   459 ||   787
       Hand axe          |       |       |    10 ||    10
 Fire: Arbalest          |       |       |    20 ||    20
       Hand crossbow     |       |       |     2 ||     2
Invok: Heroism           |       |       |     8 ||     8
 Abil: Heal Wounds       |       |     4 |    11 ||    15
Evoke: Wand              |       |       |    11 ||    11
  Use: Scroll            |     5 |     4 |     4 ||    13
       Potion            |       |    11 |     3 ||    14
 Stab: Paralysed         |       |       |     2 ||     2
  Eat: Chunk             |     2 |     6 |    10 ||    18
Armor: Scale mail        |    64 |    58 |       ||   122
       Chain mail        |       |       |   219 ||   219
Dodge: Dodged            |    39 |    43 |   129 ||   211
Block: Shield            |    81 |    89 |   250 ||   420
       Rpst.: Long sword |     9 |    17 |    29 ||    55
